 Dungeon Sprint DCSS version 0.15-a0-1403-g2cecdf4 (webtiles) character file.

353 PolkaDot the Slicer (level 6, -6/44 HPs)
             Began as a Vampire Gladiator on June 11, 2014.
             Was an Initiate of Qazlal.
             Mangled by a slime creature (8 damage)
             ... in the Dungeon (Sprint I: "Red Sonja").
             The game lasted 00:02:52 (1261 turns).

PolkaDot the Slicer (Vampire Gladiator)             Turns: 1261, Time: 00:02:52

HP  -6/44        AC  4     Str 14      XL: 6   Next: 35%
MP   6/6         EV 15     Int 10      God: Qazlal [......]
Gold 190         SH  0     Dex 16      Spells:  0 memorised,  5 levels left

rFire  . . .     SeeInvis +     a - +0 cutlass
rCold  . . .     Clarity  .     b - +0 leather armour
rNeg   + . .     rCorr    .     (no shield)
rPois  .         rRot     .     c - +0 helmet
rElec  .         Spirit   .     (no cloak)
SustAb .         Warding  .     (no gloves)
rMut   .         NoTele   +     (no boots)
Gourm  .                        (no amulet)
MR     .....                    (no ring)
                                (no ring)

@: not resistant to hostile enchantments, very unstealthy
A: bottle blood, fangs 3, see invisible, unbreathing
a: Bat Form, Bottle Blood, Renounce Religion


You were in the Dungeon.
You worshipped Qazlal.
Qazlal was noncommittal.
You were not thirsty.

You visited 1 branch You collected 190 gold pieces.

Inventory:

Hand weapons
 a - a +0,+0 cutlass (weapon)
Armour
 b - a +0 leather armour (worn)
 c - a +0 helmet (worn)
Scrolls
 d - a scroll of identify {unknown}
Potions
 f - a potion of curing
 i - 2 potions of magic
 j - a potion of berserk rage


   Skills:
 - Level 1.7 Fighting
 - Level 12.2 Short Blades
 - Level 1.5 Throwing
 + Level 4.5 Armour
 + Level 7.0 Dodging


You had 5 spell levels left.
You didn't know any spells.

Dungeon Overview and Level Annotations

Branches:
Dungeon (1/1)

Altars:
Cheibriados
Dithmenos
Elyvilon
Fedhas
Gozag
Kikubaaqudgha
Makhleb
Nemelex Xobeh
Okawaru
Qazlal
Sif Muna
Trog
Vehumet
Xom
Yredelemnul
Zin
The Shining One
Jiyva

Shops:
D =


Innate Abilities, Weirdness & Mutations

You can bottle blood from corpses.
You have razor-sharp teeth.*
You have supernaturally acute eyesight.
You can survive without breathing.*


Message History

You hit the slime creature. You bite the slime creature.
The slime creature is heavily wounded.
You hit the slime creature.
The slime creature is severely wounded.
The slime creature hits you.
You hit the slime creature.
The slime creature is severely wounded.
You hit the slime creature.
The slime creature is severely wounded.
The slime creature hits you.
You completely miss the slime creature.
The slime creature is severely wounded.
The slime creature hits you!!
* * * LOW HITPOINT WARNING * * *
You puncture the slime creature! Your bite misses the slime creature.
The slime creature is almost dead.
You barely miss the slime creature. You bite the slime creature.
The slime creature is almost dead.
The slime creature hits you!
You die...

###################
#<.#..').#.)'..#__#
#..').#..'..#..@J.+
#..#####'#####'#__#
#..####..#...#.####
#..#__####..##.#
#..#_..._##'#..+
#⌠⌠#_.∩...'..._#
####_..._##_.#+#
#_____###+# #######


You could see a slime creature.

Vanquished Creatures
  A yak (D)
  An ogre (D)
  Sigmund (D)
  A jelly (D)
  Ijyb (D)
5 creatures vanquished.

Notes
Turn   | Place    | Note
--------------------------------------------------------------
     0 | D        | PolkaDot, the Vampire Gladiator, began the quest for the Orb.
     0 | D        | Reached XP level 1. HP: 16/16 MP: 1/1
     2 | D        | Noticed Ijyb
    35 | D        | Killed Ijyb
    35 | D        | Reached skill level 6 in Short Blades
    35 | D        | Reached XP level 2. HP: 1/22 MP: 2/2
   323 | D        | Noticed an ogre
   341 | D        | Killed an ogre
   341 | D        | Reached skill level 10 in Short Blades
   341 | D        | Reached XP level 3. HP: 6/27 MP: 3/3
   341 | D        | Reached XP level 4. HP: 7/33 MP: 4/4
   586 | D        | Noticed Sigmund
   595 | D        | Killed Sigmund
   595 | D        | Reached skill level 12 in Short Blades
   595 | D        | Reached XP level 5. HP: 18/38 MP: 5/5
   610 | D        | Found a deep blue altar of Sif Muna.
   611 | D        | Noticed a jelly
   612 | D        | Found a radiant altar of Vehumet.
   616 | D        | Killed a jelly
   616 | D        | Reached skill level 1 in Armour
   771 | D        | Found Qauwkarph's Jewellery Emporium.
   771 | D        | Found a white marble altar of Elyvilon.
   771 | D        | Found a stormy altar of Qazlal.
   771 | D        | Found a burning altar of Makhleb.
   771 | D        | Found a basalt altar of Yredelemnul.
   771 | D        | Found a glowing golden altar of the Shining One.
   771 | D        | Found a sparkling altar of Nemelex Xobeh.
   771 | D        | Found a shimmering altar of Xom.
   771 | D        | Found an opulent altar of Gozag.
   771 | D        | Found an ancient bone altar of Kikubaaqudgha.
   771 | D        | Found a glowing silver altar of Zin.
   771 | D        | Noticed a yak
   779 | D        | Found a bloodstained altar of Trog.
   779 | D        | Found an iron altar of Okawaru.
   967 | D        | Became a worshipper of Qazlal Stormbringer
  1011 | D        | Killed a yak
  1011 | D        | Reached XP level 6. HP: 23/44 MP: 6/6
  1246 | D        | Found a snail-covered altar of Cheibriados.
  1246 | D        | Found a viscous altar of Jiyva.
  1246 | D        | Found a shadowy altar of Dithmenos.
  1246 | D        | Found a blossoming altar of Fedhas.
  1246 | D        | Noticed a slime creature
  1259 | D        | HP: 2/44 [slime creature (19)]
  1261 | D        | Mangled by a slime creature

Action                   |  1- 3 |  4- 6 || total
-------------------------+-------+-------++-------
Melee: Cutlass           |    46 |    47 ||    93
Throw: Throwing net      |     4 |       ||     4
  Use: Potion            |     2 |     1 ||     3
       Scroll            |       |     1 ||     1
 Stab: Held in net/web   |     3 |       ||     3
       Sleeping          |       |     1 ||     1
